AoeStats
← AvaCz

Arena

510129384Analyzed
2v2 RM · 3d ago on Sep 29, 2026· 36m 13s· 4 players
Game mode
Random Map
Map size
Medium (4 player)
Population
200
Speed
Normal
Resources
Standard
Victory
Conquest
Starting age
Dark Age
Ending age
Imperial Age
RankedLock teamsTeams togetherTeam positionsShared explorationLock speedFull tech treeHidden civsTurbo modeCheats
Victory
Defeat
🇪🇸 Turks · Spain
743
+18
🇮🇪 Danes · Ireland
695
+20
🇩🇪 Byzantines · Germany
819
-20
🇩🇪 Romans · Germany
752
-18
budisimion
10:28 Feudal Age
20:29 Castle Age
19:27 Double-Bit Axe
19:24 Horse Collar
23:38 Fletching
24:11 Town Watch
28:58 Imperial Age
31:39 Gold Mining
AvaCz
7:14 Loom
11:08 Feudal Age
12:25 Wheelbarrow
11:37 Double-Bit Axe
12:59 Horse Collar
20:44 Castle Age
19:15 Stone Mining
21:08 Forging
20:58 Scale Mail Armor
21:09 Arson
21:53 Hand Cart
21:55 Bow Saw
22:33 Stone Shaft Mining
22:25 Heavy Plow
23:56 Squires
26:02 Iron Casting
25:42 Chain Mail Armor
25:20 Fletching
32:29 Imperial Age
29:51 Gold Mining
32:07 Hamask
33:04 Town Watch
34:25 Blast Furnace
33:55 Plate Mail Armor
34:10 Gold Shaft Mining
34:32 Town Patrol
35:51 Hoardings
36:05 Hoardings
34:52 Elite Jomsviking
aeris
13:10 Feudal Age
13:37 Horse Collar
13:45 Double-Bit Axe
18:15 Wheelbarrow
20:20 Castle Age
20:22 Forging
20:13 Scale Mail Armor
21:36 Heavy Plow
21:38 Gambesons
22:23 Squires
22:31 Pikeman
25:09 Hand Cart
29:20 Iron Casting
30:07 Gold Mining
30:09 Stone Mining
32:34 Man-at-Arms
33:00 Arson
33:21 Long Swordsman
Axolotl
10:30 Loom
12:30 Feudal Age
13:13 Horse Collar
13:22 Double-Bit Axe
22:16 Castle Age
21:13 Gold Mining
21:14 Stone Mining
22:52 Wheelbarrow
23:08 Squires
22:30 Man-at-Arms
25:41 Heavy Plow
25:53 Bow Saw
26:24 Gold Shaft Mining
25:13 Long Swordsman
30:21 Scale Mail Armor
34:07 Imperial Age
Connection lost

Rejoining the realm…

Still unreachable

The connection could not be restored.

Session expired

The server has moved on; the page needs a fresh start.